Workbook
Name FOTOS: INDEX(FOTOS!$G$7:$G$63,MATCH(FOTOS!$F$2,FOTOS!$F$7:$F$63,0))
Name SegmentaciónDeDatos_Sede: #N/A
Name SegmentaciónDeDatos_Tipo_de_Gasto: #N/A

Sheet DASHBOARD
B2: Resumen de Gastos Real vs Ppto
H6: 2019 | K6: 2018 | M6: Resumen
G8: Mes | H8: Meta | I8: Realizado | J8: % Ejecución | K8: Realizado | L8: Acumulado 2018 | M8: Meta Acumulada 2019 | N8: Realizado Acumulado 2019 | O8: % Acumulado 2019 | P8: % Acumulado 2019 x 2018
G10: Enero | H10: =IFERROR(VLOOKUP(G10,PIVOTS!$B$4:$C$400,2,0),0) -> 1272712.4 | I10: =IFERROR(VLOOKUP(G10,PIVOTS!$B$4:$D$400,3,0),0) -> 1233194 | J10: =IF(I10=0,"",(I10/H10)) -> 0.96894947 | K10: =IFERROR(VLOOKUP(G10,PIVOTS!$B$4:$E$400,4,0),0) -> 1220076.8 | L10: =K10 -> 1220076.8 | M10: =H10 -> 1272712.4 | N10: =I10 -> 1233194 | O10: =IF(N10=0,"",(N10/M10)) -> 0.96894947 | P10: =IF(N10=0,"",(N10/L10)) -> 1.0107512
G11: Febrero | H11: =IFERROR(VLOOKUP(G11,PIVOTS!$B$4:$C$400,2,0),0) -> 1347275.1 | I11: =IFERROR(VLOOKUP(G11,PIVOTS!$B$4:$D$400,3,0),0) -> 1279811 | J11: =IF(I11=0,"",(I11/H11)) -> 0.94992549 | K11: =IFERROR(VLOOKUP(G11,PIVOTS!$B$4:$E$400,4,0),0) -> 1279082.6 | L11: =L10+K11 -> 2499159.4 | M11: =M10+H11 -> 2619987.5 | N11: =IF(I11=0,0,N10+I11) -> 2513005 | O11: =IF(N11=0,"",(N11/M11)) -> 0.95916678 | P11: =IF(N11=0,"",(N11/L11)) -> 1.0055401
G12: Marzo | H12: =IFERROR(VLOOKUP(G12,PIVOTS!$B$4:$C$400,2,0),0) -> 1244250.6 | I12: =IFERROR(VLOOKUP(G12,PIVOTS!$B$4:$D$400,3,0),0) -> 1239793 | J12: =IF(I12=0,"",(I12/H12)) -> 0.99641746 | K12: =IFERROR(VLOOKUP(G12,PIVOTS!$B$4:$E$400,4,0),0) -> 1205919.7 | L12: =L11+K12 -> 3705079.1 | M12: =M11+H12 -> 3864238.1 | N12: =IF(I12=0,0,N11+I12) -> 3752798 | O12: =IF(N12=0,"",(N12/M12)) -> 0.97116117 | P12: =IF(N12=0,"",(N12/L12)) -> 1.0128793
G13: Abril | H13: =IFERROR(VLOOKUP(G13,PIVOTS!$B$4:$C$400,2,0),0) -> 1274043 | I13: =IFERROR(VLOOKUP(G13,PIVOTS!$B$4:$D$400,3,0),0) -> 1258383 | J13: =IF(I13=0,"",(I13/H13)) -> 0.98770841 | K13: =IFERROR(VLOOKUP(G13,PIVOTS!$B$4:$E$400,4,0),0) -> 1235881.4 | L13: =L12+K13 -> 4940960.5 | M13: =M12+H13 -> 5138281.1 | N13: =IF(I13=0,0,N12+I13) -> 5011181 | O13: =IF(N13=0,"",(N13/M13)) -> 0.97526408 | P13: =IF(N13=0,"",(N13/L13)) -> 1.0142119
G14: Mayo | H14: =IFERROR(VLOOKUP(G14,PIVOTS!$B$4:$C$400,2,0),0) -> 1165578 | I14: =IFERROR(VLOOKUP(G14,PIVOTS!$B$4:$D$400,3,0),0) -> 1157974 | J14: =IF(I14=0,"",(I14/H14)) -> 0.99347623 | K14: =IFERROR(VLOOKUP(G14,PIVOTS!$B$4:$E$400,4,0),0) -> 1073552.7 | L14: =L13+K14 -> 6014513.2 | M14: =M13+H14 -> 6303859.1 | N14: =IF(I14=0,0,N13+I14) -> 6169155 | O14: =IF(N14=0,"",(N14/M14)) -> 0.97863149 | P14: =IF(N14=0,"",(N14/L14)) -> 1.0257114
G15: Junio | H15: =IFERROR(VLOOKUP(G15,PIVOTS!$B$4:$C$400,2,0),0) -> 1111881.9 | I15: =IFERROR(VLOOKUP(G15,PIVOTS!$B$4:$D$400,3,0),0) -> 1159475 | J15: =IF(I15=0,"",(I15/H15)) -> 1.0428041 | K15: =IFERROR(VLOOKUP(G15,PIVOTS!$B$4:$E$400,4,0),0) -> 1022714.7 | L15: =L14+K15 -> 7037227.9 | M15: =M14+H15 -> 7415741 | N15: =IF(I15=0,0,N14+I15) -> 7328630 | O15: =IF(N15=0,"",(N15/M15)) -> 0.98825323 | P15: =IF(N15=0,"",(N15/L15)) -> 1.0414086
G16: Julio | H16: =IFERROR(VLOOKUP(G16,PIVOTS!$B$4:$C$400,2,0),0) -> 1185083.8 | I16: =IFERROR(VLOOKUP(G16,PIVOTS!$B$4:$D$400,3,0),0) -> 1170979 | J16: =IF(I16=0,"",(I16/H16)) -> 0.98809804 | K16: =IFERROR(VLOOKUP(G16,PIVOTS!$B$4:$E$400,4,0),0) -> 1111979 | L16: =L15+K16 -> 8149206.9 | M16: =M15+H16 -> 8600824.8 | N16: =IF(I16=0,0,N15+I16) -> 8499609 | O16: =IF(N16=0,"",(N16/M16)) -> 0.98823185 | P16: =IF(N16=0,"",(N16/L16)) -> 1.0429983
G17: Agosto | H17: =IFERROR(VLOOKUP(G17,PIVOTS!$B$4:$C$400,2,0),0) -> 1214925.6 | I17: =IFERROR(VLOOKUP(G17,PIVOTS!$B$4:$D$400,3,0),0) -> 1218607 | J17: =IF(I17=0,"",(I17/H17)) -> 1.0030301 | K17: =IFERROR(VLOOKUP(G17,PIVOTS!$B$4:$E$400,4,0),0) -> 1132607.4 | L17: =L16+K17 -> 9281814.3 | M17: =M16+H17 -> 9815750.4 | N17: =IF(I17=0,0,N16+I17) -> 9718216 | O17: =IF(N17=0,"",(N17/M17)) -> 0.99006348 | P17: =IF(N17=0,"",(N17/L17)) -> 1.0470168
G18: Setiembre | H18: =IFERROR(VLOOKUP(G18,PIVOTS!$B$4:$C$400,2,0),0) -> 1251772.6 | I18: =IFERROR(VLOOKUP(G18,PIVOTS!$B$4:$D$400,3,0),0) -> 1237405 | J18: =IF(I18=0,"",(I18/H18)) -> 0.9885222 | K18: =IFERROR(VLOOKUP(G18,PIVOTS!$B$4:$E$400,4,0),0) -> 1203062.3 | L18: =L17+K18 -> 10484877 | M18: =M17+H18 -> 11067523 | N18: =IF(I18=0,0,N17+I18) -> 10955621 | O18: =IF(N18=0,"",(N18/M18)) -> 0.98988915 | P18: =IF(N18=0,"",(N18/L18)) -> 1.0448975
G19: Octubre | H19: =IFERROR(VLOOKUP(G19,PIVOTS!$B$4:$C$400,2,0),0) -> 1184292 | I19: =IFERROR(VLOOKUP(G19,PIVOTS!$B$4:$D$400,3,0),0) -> 1158724 | J19: =IF(I19=0,"",(I19/H19)) -> 0.9784107 | K19: =IFERROR(VLOOKUP(G19,PIVOTS!$B$4:$E$400,4,0),0) -> 1087767.6 | L19: =L18+K19 -> 11572644 | M19: =M18+H19 -> 12251815 | N19: =IF(I19=0,0,N18+I19) -> 12114345 | O19: =IF(N19=0,"",(N19/M19)) -> 0.98877962 | P19: =IF(N19=0,"",(N19/L19)) -> 1.0468087
G20: Noviembre | H20: =IFERROR(VLOOKUP(G20,PIVOTS!$B$4:$C$400,2,0),0) -> 1201691.2 | I20: =IFERROR(VLOOKUP(G20,PIVOTS!$B$4:$D$400,3,0),0) -> 1230610 | J20: =IF(I20=0,"",(I20/H20)) -> 1.0240651 | K20: =IFERROR(VLOOKUP(G20,PIVOTS!$B$4:$E$400,4,0),0) -> 1147726.6 | L20: =L19+K20 -> 12720371 | M20: =M19+H20 -> 13453506 | N20: =IF(I20=0,0,N19+I20) -> 13344955 | O20: =IF(N20=0,"",(N20/M20)) -> 0.99193138 | P20: =IF(N20=0,"",(N20/L20)) -> 1.0491011
G21: Diciembre | H21: =IFERROR(VLOOKUP(G21,PIVOTS!$B$4:$C$400,2,0),0) -> 1165600.6 | I21: =IFERROR(VLOOKUP(G21,PIVOTS!$B$4:$D$400,3,0),0) -> 1178967 | J21: =IF(I21=0,"",(I21/H21)) -> 1.0114674 | K21: =IFERROR(VLOOKUP(G21,PIVOTS!$B$4:$E$400,4,0),0) -> 1117395.1 | L21: =L20+K21 -> 13837766 | M21: =M20+H21 -> 14619107 | N21: =IF(I21=0,0,N20+I21) -> 14523922 | O21: =IF(N21=0,"",(N21/M21)) -> 0.99348901 | P21: =IF(N21=0,"",(N21/L21)) -> 1.0495858

Sheet PIVOTS
B1: Sede | C1: Sede Arequipa | G1: Sede | H1: Sede Arequipa
B2: Tipo de Gasto | C2: (Todas) | G2: Tipo de Gasto | H2: (Todas) | J2: Sede | K2: Sede Arequipa
B4: Mes | C4: Suma de Valor Real 2019 | D4: Suma de Valor Meta 2019 | E4: Suma de valor Real 2018 | G4: Cuenta | H4: Suma de Valor Real 2019 | J4: Tipo de Gasto | K4: 2019 | L4: 2018
B5: Abril | C5: 1274043 | D5: 1258383 | E5: 1235881.4 | G5: Sueldos | H5: 299641.82 | J5: DEPRECIACIÓN, MAQ Y EQUIPOS | K5: 3181544.4 | L5: 3002212.7
B6: Agosto | C6: 1214925.6 | D6: 1218607 | E6: 1132607.4 | G6: Vacaciones | H6: 300964.87 | J6: GESTIÓN | K6: 2421859.8 | L6: 2334940.9
B7: Diciembre | C7: 1165600.6 | D7: 1178967 | E7: 1117395.1 | G7: Gtos.reclamos de clientes | H7: 305305.06 | J7: PERSONAL | K7: 4140269.8 | L7: 3877210.9
B8: Febrero | C8: 1347275.1 | D8: 1279811 | E8: 1279082.6 | G8: Amortiz.Software Costo | H8: 314253.52 | J8: SERVICIOS DE TERCEROS | K8: 4875432.8 | L8: 4623401.5
B9: Enero | C9: 1272712.4 | D9: 1233194 | E9: 1220076.8 | G9: Gastos por almacenaje y/o embalaje | H9: 315683.17 | J9: Total general | K9: 14619107 | L9: 13837766
B10: Julio | C10: 1185083.8 | D10: 1170979 | E10: 1111979 | G10: SCTR-Seg complemntario trabajo de riesgo | H10: 321399.1
B11: Junio | C11: 1111881.9 | D11: 1159475 | E11: 1022714.7 | G11: Deprec.Edificaciones Costo | H11: 348124.87
B12: Mayo | C12: 1165578 | D12: 1157974 | E12: 1073552.7 | G12: Otros Fletes | H12: 359205.42
B13: Marzo | C13: 1244250.6 | D13: 1239793 | E13: 1205919.7 | G13: Deprec. Edificaciones leasing | H13: 398366.8
B14: Noviembre | C14: 1201691.2 | D14: 1230610 | E14: 1147726.6 | G14: CTS-Compensación por tiempo de servicio | H14: 407880.22
B15: Octubre | C15: 1184292 | D15: 1158724 | E15: 1087767.6 | G15: Total general | H15: 3370824.9
B16: Setiembre | C16: 1251772.6 | D16: 1237405 | E16: 1203062.3
B17: Total general | C17: 14619107 | D17: 14523922 | E17: 13837766

Sheet DETALLE
B2: DETALLE DE GASTOS
F4: =SUBTOTAL(9,F6:F1048576) -> 103468302 | G4: =SUBTOTAL(9,G6:G1048576) -> 1.0354549e+08 | H4: =SUBTOTAL(9,H6:H1048576) -> 98743087
B5: Mes | C5: Tipo de Gasto | D5: Sede | E5: Cuenta | F5: Valor Meta 2019 | G5: Valor Real 2019 | H5: Valor Real 2018
B6: Enero | C6: =VLOOKUP(Tabla1[[#This Row],[Cuenta]],TABLAS!$C:$D,2,0) -> PERSONAL | D6: Sede Piura | E6: =VLOOKUP(RANDBETWEEN(1,65),TABLAS!$B$4:$D$68,2,0) -> Incentivo por cese | F6: =RANDBETWEEN(8000,30000) -> 20337 | G6: =RANDBETWEEN(70,130)/100*Tabla1[[#This Row],[Valor Meta 2019]] -> 21557.22 | H6: =RANDBETWEEN(70,120)/100*Tabla1[[#This Row],[Valor Real 2019]] -> 22419.509
B7: Enero | C7: =VLOOKUP(Tabla1[[#This Row],[Cuenta]],TABLAS!$C:$D,2,0) -> PERSONAL | D7: Sede Piura | E7: =VLOOKUP(RANDBETWEEN(1,65),TABLAS!$B$4:$D$68,2,0) -> Vacaciones | F7: =RANDBETWEEN(8000,30000) -> 14797 | G7: =RANDBETWEEN(70,130)/100*Tabla1[[#This Row],[Valor Meta 2019]] -> 10653.84 | H7: =RANDBETWEEN(70,120)/100*Tabla1[[#This Row],[Valor Real 2019]] -> 10973.455
B8: Enero | C8: =VLOOKUP(Tabla1[[#This Row],[Cuenta]],TABLAS!$C:$D,2,0) -> PERSONAL | D8: Sede Piura | E8: =VLOOKUP(RANDBETWEEN(1,65),TABLAS!$B$4:$D$68,2,0) -> Gratif. Ordinarias Empleados | F8: =RANDBETWEEN(8000,30000) -> 8673 | G8: =RANDBETWEEN(70,130)/100*Tabla1[[#This Row],[Valor Meta 2019]] -> 10147.41 | H8: =RANDBETWEEN(70,120)/100*Tabla1[[#This Row],[Valor Real 2019]] -> 8422.3503
B9: Enero | C9: =VLOOKUP(Tabla1[[#This Row],[Cuenta]],TABLAS!$C:$D,2,0) -> DEPRECIACIÓN, MAQ Y EQUIPOS | D9: Sede Piura | E9: =VLOOKUP(RANDBETWEEN(1,65),TABLAS!$B$4:$D$68,2,0) -> Deprec.Equipo de computo Costo | F9: =RANDBETWEEN(8000,30000) -> 23245 | G9: =RANDBETWEEN(70,130)/100*Tabla1[[#This Row],[Valor Meta 2019]] -> 16503.95 | H9: =RANDBETWEEN(70,120)/100*Tabla1[[#This Row],[Valor Real 2019]] -> 12377.963
B10: Enero | C10: =VLOOKUP(Tabla1[[#This Row],[Cuenta]],TABLAS!$C:$D,2,0) -> PERSONAL | D10: Sede Piura | E10: =VLOOKUP(RANDBETWEEN(1,65),TABLAS!$B$4:$D$68,2,0) -> Seguro de vida | F10: =RANDBETWEEN(8000,30000) -> 8721 | G10: =RANDBETWEEN(70,130)/100*Tabla1[[#This Row],[Valor Meta 2019]] -> 9854.73 | H10: =RANDBETWEEN(70,120)/100*Tabla1[[#This Row],[Valor Real 2019]] -> 8080.8786
B11: Enero | C11: =VLOOKUP(Tabla1[[#This Row],[Cuenta]],TABLAS!$C:$D,2,0) -> DEPRECIACIÓN, MAQ Y EQUIPOS | D11: Sede Piura | E11: =VLOOKUP(RANDBETWEEN(1,65),TABLAS!$B$4:$D$68,2,0) -> Deprec.Edificaciones Costo | F11: =RANDBETWEEN(8000,30000) -> 11626 | G11: =RANDBETWEEN(70,130)/100*Tabla1[[#This Row],[Valor Meta 2019]] -> 9649.58 | H11: =RANDBETWEEN(70,120)/100*Tabla1[[#This Row],[Valor Real 2019]] -> 9456.5884
B12: Enero | C12: =VLOOKUP(Tabla1[[#This Row],[Cuenta]],TABLAS!$C:$D,2,0) -> PERSONAL | D12: Sede Lima | E12: =VLOOKUP(RANDBETWEEN(1,65),TABLAS!$B$4:$D$68,2,0) -> SCTR-Seg complemntario trabajo de riesgo | F12: =RANDBETWEEN(8000,30000) -> 9390 | G12: =RANDBETWEEN(70,130)/100*Tabla1[[#This Row],[Valor Meta 2019]] -> 7418.1 | H12: =RANDBETWEEN(70,120)/100*Tabla1[[#This Row],[Valor Real 2019]] -> 6082.842
B13: Enero | C13: =VLOOKUP(Tabla1[[#This Row],[Cuenta]],TABLAS!$C:$D,2,0) -> GESTIÓN | D13: Sede Lima | E13: =VLOOKUP(RANDBETWEEN(1,65),TABLAS!$B$4:$D$68,2,0) -> comprobantes de pago | F13: =RANDBETWEEN(8000,30000) -> 19210 | G13: =RANDBETWEEN(70,130)/100*Tabla1[[#This Row],[Valor Meta 2019]] -> 24780.9 | H13: =RANDBETWEEN(70,120)/100*Tabla1[[#This Row],[Valor Real 2019]] -> 20072.529
B14: Enero | C14: =VLOOKUP(Tabla1[[#This Row],[Cuenta]],TABLAS!$C:$D,2,0) -> DEPRECIACIÓN, MAQ Y EQUIPOS | D14: Sede Lima | E14: =VLOOKUP(RANDBETWEEN(1,65),TABLAS!$B$4:$D$68,2,0) -> Deprec.Equipo de computo leasing | F14: =RANDBETWEEN(8000,30000) -> 10330 | G14: =RANDBETWEEN(70,130)/100*Tabla1[[#This Row],[Valor Meta 2019]] -> 13119.1 | H14: =RANDBETWEEN(70,120)/100*Tabla1[[#This Row],[Valor Real 2019]] -> 9708.134
B15: Enero | C15: =VLOOKUP(Tabla1[[#This Row],[Cuenta]],TABLAS!$C:$D,2,0) -> PERSONAL | D15: Sede Lima | E15: =VLOOKUP(RANDBETWEEN(1,65),TABLAS!$B$4:$D$68,2,0) -> Movilidad y/o servicio de Transporte | F15: =RANDBETWEEN(8000,30000) -> 19233 | G15: =RANDBETWEEN(70,130)/100*Tabla1[[#This Row],[Valor Meta 2019]] -> 21156.3 | H15: =RANDBETWEEN(70,120)/100*Tabla1[[#This Row],[Valor Real 2019]] -> 23906.619
B16: Enero | C16: =VLOOKUP(Tabla1[[#This Row],[Cuenta]],TABLAS!$C:$D,2,0) -> PERSONAL | D16: Sede Lima | E16: =VLOOKUP(RANDBETWEEN(1,65),TABLAS!$B$4:$D$68,2,0) -> Uniformes | F16: =RANDBETWEEN(8000,30000) -> 15767 | G16: =RANDBETWEEN(70,130)/100*Tabla1[[#This Row],[Valor Meta 2019]] -> 16555.35 | H16: =RANDBETWEEN(70,120)/100*Tabla1[[#This Row],[Valor Real 2019]] -> 14734.262
B17: Enero | C17: =VLOOKUP(Tabla1[[#This Row],[Cuenta]],TABLAS!$C:$D,2,0) -> GESTIÓN | D17: Sede Lima | E17: =VLOOKUP(RANDBETWEEN(1,65),TABLAS!$B$4:$D$68,2,0) -> Sanciones Administra | F17: =RANDBETWEEN(8000,30000) -> 16464 | G17: =RANDBETWEEN(70,130)/100*Tabla1[[#This Row],[Valor Meta 2019]] -> 13665.12 | H17: =RANDBETWEEN(70,120)/100*Tabla1[[#This Row],[Valor Real 2019]] -> 16398.144
... B5477: Diciembre | C5477: =VLOOKUP(Tabla1[[#This Row],[Cuenta]],TABLAS!$C:$D,2,0) -> SERVICIOS DE TERCEROS | D5477: Sede Tumbes | E5477: =VLOOKUP(RANDBETWEEN(1,65),TABLAS!$B$4:$D$68,2,0) -> Estibas | F5477: =RANDBETWEEN(8000,30000) -> 8458 | G5477: =RANDBETWEEN(70,130)/100*Tabla1[[#This Row],[Valor Meta 2019]] -> 10572.5 | H5477: =RANDBETWEEN(70,120)/100*Tabla1[[#This Row],[Valor Real 2019]] -> 12369.825

Sheet TABLAS
B2: TABLAS
B4: 1 | C4: Consumos | D4: PERSONAL
B5: 2 | C5: Sueldos | D5: PERSONAL
B6: 3 | C6: Gratif. Ordinarias Empleados | D6: PERSONAL
B7: 4 | C7: Gratificaciones Extraordinarias Empleados | D7: PERSONAL
B8: 5 | C8: Vacaciones | D8: PERSONAL
B9: 6 | C9: Descanso medico | D9: PERSONAL
B10: 7 | C10: Movilidad y/o servicio de Transporte | D10: PERSONAL
B11: 8 | C11: Uniformes | D11: PERSONAL
B12: 9 | C12: Atenciones y obsequios al personal | D12: PERSONAL
B13: 10 | C13: Tickets de alimentos | D13: PERSONAL
B14: 11 | C14: ESSALUD-RÚgimen de prestaciones de salud | D14: PERSONAL
B15: 12 | C15: SCTR-Seg complemntario trabajo de riesgo | D15: PERSONAL
... B68: 65 | C68: Amortiz.Software Costo | D68: DEPRECIACIÓN, MAQ Y EQUIPOS

Sheet FOTOS
F2: =+PIVOTS!$C$2 -> (Todas)
F7: VENDEDOR 1 | G7: =+F7 -> VENDEDOR 1 | J7: =IFERROR(INDEX($G$7:$G$63,MATCH($F$2,$F$7:$F$63,0)),"-") -> -
F8: VENDEDOR 2 | G8: =+F8 -> VENDEDOR 2
F9: VENDEDOR 3 | G9: =+F9 -> VENDEDOR 3
F10: VENDEDOR 4 | G10: =+F10 -> VENDEDOR 4
F11: VENDEDOR 5 | G11: =+F11 -> VENDEDOR 5
F12: VENDEDOR 6 | G12: =+F12 -> VENDEDOR 6
F13: VENDEDOR 7 | G13: =+F13 -> VENDEDOR 7
A14: Divisor | B14: Performance | F14: VENDEDOR 8 | G14: =+F14 -> VENDEDOR 8
A15: Ruim | B15: 52 | F15: VENDEDOR 9 | G15: =+F15 -> VENDEDOR 9
A16: Regular | B16: 40 | F16: VENDEDOR 10 | G16: =+F16 -> VENDEDOR 10
A17: Bom | B17: 5 | F17: VENDEDOR 11 | G17: =+F17 -> VENDEDOR 11
A18: Ótimo | B18: 3 | F18: VENDEDOR 12 | G18: =+F18 -> VENDEDOR 12
A19: Fim | B19: 100 | F19: VENDEDOR 13 | G19: =+F19 -> VENDEDOR 13
F20: VENDEDOR 14 | G20: =+F20 -> VENDEDOR 14
A21: Ponteiro | F21: VENDEDOR 15 | G21: =+F21 -> VENDEDOR 15
A22: Valor | B22: =SUM(DASHBOARD!$I$10:$I$21)/SUM(DASHBOARD!H10:H21)*100 -> 99.348901 | C22: =B22/100 -> 0.99348901 | F22: VENDEDOR 16 | G22: =+F22 -> VENDEDOR 16
A23: Tamanho | B23: 1.5 | F23: VENDEDOR 17 | G23: =+F23 -> VENDEDOR 17
A24: Complemento | B24: =200-(B22+B23) -> 99.151099 | F24: VENDEDOR 18 | G24: =+F24 -> VENDEDOR 18
F25: VENDEDOR 19 | G25: =+F25 -> VENDEDOR 19
F26: VENDEDOR 20 | G26: =+F26 -> VENDEDOR 20
F27: VENDEDOR 21 | G27: =+F27 -> VENDEDOR 21
F28: VENDEDOR 22 | G28: =+F28 -> VENDEDOR 22
F29: VENDEDOR 23 | G29: =+F29 -> VENDEDOR 23
F30: VENDEDOR 24 | G30: =+F30 -> VENDEDOR 24
F31: VENDEDOR 25 | G31: =+F31 -> VENDEDOR 25
F32: VENDEDOR 26 | G32: =+F32 -> VENDEDOR 26
F33: VENDEDOR 27 | G33: =+F33 -> VENDEDOR 27
F34: VENDEDOR 28 | G34: =+F34 -> VENDEDOR 28
F35: VENDEDOR 29 | G35: =+F35 -> VENDEDOR 29
F36: VENDEDOR 30 | G36: =+F36 -> VENDEDOR 30
... F63: VENDEDOR 57 | G63: =+F63 -> VENDEDOR 57
